 Dungeon Crawl Stone Soup version 0.27-a0-1281-ge233d83751 (webtiles) character file.

Game seed: 3828263949686260862

8 Ijustatesigmund the Charlatan (level 2, 0/14 HPs)
             Began as a Spriggan Artificer on June 14, 2021.
             Frozen to death by an endoplasm (3 damage)
             ... on level 1 of the Dungeon.
             The game lasted 00:03:26 (530 turns).

Ijustatesigmund the Charlatan (Spriggan Artificer)   Turns: 530, Time: 00:03:27

Health: 0/14       AC:  2    Str:  8    XL:     2   Next: 0%
Magic:  3/3        EV: 18    Int: 12    God:
Gold:   21         SH:  0    Dex: 15    Spells: 1/1 levels left

rFire    . . .     SeeInvis +   a - +0 club
rCold    . . .     Faith    .   (shield restricted)
rNeg     . . .     Spirit   .   b - +0 robe
rPois    .         Reflect  .   (helmet restricted)
rElec    .         Harm     .   (no cloak)
rCorr    .         Rampage  .   (gloves unavailable)
Will     .....                  (boots unavailable)
Stlth    ++........             (no amulet)
HPRegen  0.04/turn              (no ring)
MPRegen  0.08/turn              (no ring)

@: very quick
A: very small, no large weapons, unfitting armour, see invisible, speed 3
a: no special abilities


You were on level 1 of the Dungeon.
You visited 1 branch of the dungeon, and saw 1 of its levels.

You collected 21 gold pieces.

Inventory:

Hand Weapons
 a - a +0 club (weapon)
Missiles
 f - a throwing net
Armour
 b - a +0 robe (worn)
Wands
 c - a wand of flame (13) (quivered)
 d - a wand of charming (11)
Potions
 g - a potion of flight {unknown}
Miscellaneous
 e - a piece from Xom's chessboard (15/15)


   Skills:
 + Level 1.2 Fighting
 + Level 3.6 Dodging
 - Level 1.5 Stealth
 - Level 4.0 Evocations


You had one spell level left.
You didn't know any spells.
Your spell library was empty.

Dungeon Overview and Level Annotations

Branches:
Dungeon (1/15)

Altars:


Innate Abilities, Weirdness & Mutations

You are very small and have problems with some larger weapons.
You are too small for most types of armour.
You have supernaturally acute eyesight. (SInv)
You cover ground extremely quickly. (Speed+++)


Message History

* * * LOW HITPOINT WARNING * * *
Aiming: Charm
Press: ? - help, Shift-Dir - straight line, f - endoplasm
Aim: an endoplasm (moderately wounded, chance to affect: 74%)
The endoplasm is charmed.
The endoplasm quivers.
You swap places.
What are your orders? t - Shout!
Orders for allies: a - Attack new target. p - Attack previous target. r - Retreat! s - Stop attacking. g - Guard the area. f - Follow me.
Anything else - Cancel.
Gang up on whom?
Press: ? - help, Dir - move target, f - endoplasm, p - endoplasm
Aim: an endoplasm Attack!
You feel a bit more experienced.
You start resting.
A kobold is nearby!
What are your orders? t - Shout!
Orders for allies: a - Attack new target. r - Retreat! s - Stop attacking. g - Guard the area. f - Follow me.
Anything else - Cancel.
Gang up on whom?
Press: ? - help, Dir - move target, f - kobold
Aim: a kobold, wielding a +0 dagger and quivering stones Attack!
Your endoplasm hits the kobold.
The kobold is frozen.
The kobold dies!
You have reached level 2!
An endoplasm comes into view.
You start resting.
The endoplasm is no longer charmed.
The endoplasm freezes you.
You are frozen.
You die...

#.# #....# #....###
..# #....# #.#..#
#.## #....# ##....#
#. ##g### #....## #.
##g# #....#..# ..
##..####.##.##.#
#........##.##.#
#..########J##.###.#
#..# ######@##....J#
#..##...........####
.......#####.##.##
.......# #.##.#
....##.### ..##.#
..## #. .####.# # #.
.# #.# #. .. #.# ##
.#


You could see an endoplasm.

Vanquished Creatures
  A bat (D:1)
  A goblin (D:1)
  A hobgoblin (D:1)
  A ball python (D:1)
  A rat (D:1)
5 creatures vanquished.

Vanquished Creatures (collateral kills)
  An endoplasm (D:1)
  A kobold (D:1)
  A rat (D:1)
3 creatures vanquished.

Vanquished Creatures (others)
  A ball python (D:1)
  A bat (D:1)
  An endoplasm (D:1)
  A rat (D:1)
4 creatures vanquished.

Grand Total: 12 creatures vanquished

Notes
Turn   | Place    | Note
-------+----------+-------------------------------------------
     0 | D:1      | Ijustatesigmund the Spriggan Artificer began the quest for
                  | the Orb.
     0 | D:1      | Reached XP level 1. HP: 9/9 MP: 2/2
     6 | D:1      | Noticed a swamp worm
     6 | D:1      | Noticed an iguana
     6 | D:1      | Noticed a wyvern
     7 | D:1      | Noticed a scorpion
     7 | D:1      | Noticed a salamander
   179 | D:1      | Reached skill level 1 in Fighting
   512 | D:1      | Reached XP level 2. HP: 3/14 MP: 3/3
   530 | D:1      | Frozen to death by an endoplasm

Illustrated notes

Levels and vault maps discovered:
D:1:      onia_arrival_zoo_common, layout_rooms, lemuel_old_faithful

Skill      XL: |  1 |
---------------+----+-----
Fighting       | 1 |  1.2
Dodging        | |  3.6
Stealth        | |  1.5
Evocations     | |  4.0

Action                   || total
-------------------------++-------
Melee: Club              ||    16
Evoke: Wand              ||     6
 Stab: Sleeping          ||     2
Armor: Robe              ||     4
Dodge: Dodged            ||    19

Table legend: (Time is in decaauts)
 A = Elapsed time spent in this place.
 B = Non-inter-level travel time spent in this place.
 C = Inter-level travel time spent in this place.
 D = Time resting spent in this place.
 E = Time spent auto-exploring this place.
 F = Levels seen in this place.
 G = Mean time per level.
                   A        B        C        D        E       F      G
               +--------+--------+--------+--------+--------+-----+--------+
         Total |    441 |    441 |      0 |    244 |     30 |   1 |  441.0 |
       Dungeon |    441 |    441 |      0 |    244 |     30 |   1 |  441.0 |
               +--------+--------+--------+--------+--------+-----+--------+

Top non-repeatable levels by time:
     D:1: 441 daAuts
